 Dungeon Crawl Stone Soup version 0.28-a0-1429-gf3d713df7a (webtiles) character file.

Game seed: 8406423965759617357

385271 freelancePsychic the Hand of Fortune (level 22, -8/209 HPs)
             Began as a Hill Orc Monk on Jan 8, 2022.
             Was the Champion of Nemelex Xobeh.
             Killed from afar by a fire giant (65 damage)
             ... with a fireball
             ... on level 2 of the Depths on Jan 9, 2022.
             The game lasted 02:01:04 (58234 turns).

freelancePsychic the Hand of Fortune (HOMo)        Turns: 58234, Time: 02:01:05

Health: -8/209     AC: 29    Str: 33    XL:     22   Next: 98%
Magic:  38/38      EV: 17    Int: 10    God:    Nemelex Xobeh [******]
Gold:   2318       SH: 35    Dex: 17    Spells: 21/21 levels left

rFire   . . .      SeeInvis +   b - +3 sacred scourge (holy)
rCold   + . .      Faith    .   j - +8 tower shield
rNeg    . . .      Spirit   .   H - +3 plate armour {rPois}
rPois   +          Reflect  +   X - +1 helmet "Guaware" {+Blink rElec}
rElec   +          Harm     .   m - +0 cloak
rCorr   +          Rampage  +   F - +0 pair of gloves
Will    +....                   n - +0 pair of boots of Ceg Vywe {rPois Regen+}
Stlth   ..........              Y - amulet "Veumoj" {Reflect Contam Rampage Str+8 SH+5 Stlth+}
HPRegen 1.24/turn               O - +4 ring of evasion
MPRegen 0.26/turn               W - ring "Siokuac" {rC+ rCorr Str+4}

@: studying Long Blades
A: see invisible, screaming 1
}: 2/15 runes: barnacled, gossamer
a: Renounce Religion, Evoke Blink, Draw Escape, Draw Destruction, Draw
Summoning, Draw Stack, Triple Draw, Deal Four, Stack Five


You were on level 2 of the Depths.
You worshipped Nemelex Xobeh.
Nemelex Xobeh was exalted by your worship.
You visited 7 branches of the dungeon, and saw 37 of its levels.
You visited the Abyss 1 time.
You also visited: Bailey and Wizlab.

You collected 4039 gold pieces.
You spent 1721 gold pieces at shops.

Inventory:

Hand Weapons
 a - a +5 spectral morningstar
 b - a +3 sacred scourge of holy wrath (weapon)
 f - a +2 eveningstar of draining
Missiles
 y - 6 throwing nets (quivered)
Armour
 i - a +2 kite shield
 j - a +8 tower shield (worn)
 m - a +0 cloak (worn)
 n - the +0 pair of boots of Ceg Vywe (worn) {rPois Regen+}
   (You acquired it on level 14 of the Dungeon)

   rPois:     It protects you from poison.
   Regen:     It increases your rate of health regeneration.
 F - a +0 pair of gloves (worn)
 H - a +3 plate armour of poison resistance (worn)
 X - the +1 helmet "Guaware" (worn) {+Blink rElec}
   (You found it on level 4 of the Shoals)

   rElec:     It insulates you from electricity.
   +Blink:    It lets you blink.
Jewellery
 q - a ring of flight
 C - a ring of see invisible
 O - a +4 ring of evasion (left hand)
 V - the ring of the Hero {Fire Will+ Int+9 Dex-3}
   (You found it on level 15 of the Dungeon)

   [ring of fire]

   It enhances your fire magic.
   Int:       It affects your intelligence (+9).
   Dex:       It affects your dexterity (-3).
   rF:        It protects you from fire.
   rC:        It makes you vulnerable to cold.
   Will:      It increases your willpower.
 W - the ring "Siokuac" (right hand) {rC+ rCorr Str+4}
   (You found it on level 15 of the Dungeon)

   [ring of protection from cold]

   Str:       It affects your strength (+4).
   rC:        It protects you from cold.
   rCorr:     It protects you from acid and corrosion.
 Y - the amulet "Veumoj" (around neck) {Reflect Contam Rampage Str+8 SH+5 Stlth+}
   (You bought it in a shop on level 2 of the Orcish Mines)

   [amulet of reflection]

   It reflects blocked missile attacks.
   Str:       It affects your strength (+8).
   Contam:    It causes magical contamination when unequipped.
   SH:        It affects your SH (+5).
   Rampage:   It bestows one free step when moving towards enemies.
   Stlth:     It makes you more stealthy.
Wands
 L - a wand of digging (11)
 P - a wand of flame (64)
Scrolls
 e - 3 scrolls of magic mapping
 g - 2 scrolls of fear
 l - 7 scrolls of summoning
 o - 16 scrolls of teleportation {@r4}
 t - 8 scrolls of blinking
 u - 5 scrolls of fog
 w - 6 scrolls of immolation
 x - 3 scrolls of enchant armour
 D - 11 scrolls of identify {@r1}
 Q - 4 scrolls of torment
 T - 3 scrolls of silence
 U - 4 scrolls of holy word
Potions
 c - 7 potions of curing {@q1}
 d - 4 potions of ambrosia
 h - 4 potions of resistance
 k - 12 potions of brilliance
 r - 6 potions of haste {@q3}
 s - 5 potions of lignification
 v - 2 potions of cancellation
 z - 3 potions of invisibility
 A - 10 potions of flight
 E - 5 potions of might
 K - a potion of magic
 N - 3 potions of heal wounds {@q2}
 R - 2 potions of berserk rage
 Z - 5 potions of mutation


   Skills:
 - Level 20.0 Fighting
 - Level 8.8(14.4) Axes
 - Level 15.3(16.0) Maces & Flails
 - Level 17.9 Armour
 - Level 10.1 Dodging
 - Level 1.5 Stealth
 + Level 19.7 Shields
 + Level 25.5 Invocations


You had 21 spell levels left.
You didn't know any spells.
Your spell library contained the following spells:

 Spells                   Type           Power      Damage    Failure   Level
 Apportation              Tloc           0%         N/A       98%         1
 Foxfire                  Conj/Fire      0%         2x1d4     98%         1
 Freeze                   Ice            0%         1d3       98%         1
 Pain                     Necr           0%         1d4       98%         1
 Shock                    Conj/Air       0%         1d3       98%         1
 Ensorcelled Hibernation  Hex/Ice        0%         N/A       99%         2
 Scorch                   Fire           0%         2d5       99%         2
 Call Canine Familiar     Summ           0%         N/A       100%        3
 Conjure Flame            Conj/Fire      0%         6-21      100%        3
 Dazzling Flash           Conj/Hex       0%         N/A       100%        3
 Frozen Ramparts          Ice            0%         1d2       100%        3
 Ignite Poison            Fire/Tmut/Pois 0%         N/A       100%        3
 Inner Flame              Hex/Fire       0%         N/A       100%        3
 Portal Projectile        Hex/Tloc       0%         N/A       100%        3
 Swiftness                Air            0%         N/A       100%        3
 Airstrike                Air            0%         N/A       100%        4
 Animate Dead             Necr           0%         N/A       100%        4
 Cause Fear               Hex            0%         N/A       100%        4
 Flame Wave               Conj/Fire      0%         2d4       100%        4
 Hailstorm                Conj/Ice       0%         3d3       100%        4
 Iskenderun's Mystic Bla  Conj/Tloc      0%         2d3       100%        4
 Leda's Liquefaction      Hex/Erth       0%         N/A       100%        4
 Sticky Flame             Conj/Fire      0%         2d3       100%        4
 Alistair's Intoxication  Tmut/Pois      0%         N/A       100%        5
 Borgnjor's Vile Clutch   Necr/Erth      0%         N/A       100%        5
 Freezing Cloud           Conj/Ice/Air   0%         6-21      100%        5
 Summon Forest            Summ/Tloc      0%         N/A       100%        5
 Summon Mana Viper        Hex/Summ       0%         N/A       100%        5
 Eringya's Noxious Bog    Tmut/Pois      0%         N/A       100%        6
 Simulacrum               Ice/Necr       0%         N/A       100%        6
 Starburst                Conj/Fire      0%         6d3       100%        6
 Summon Cactus Giant      Summ           0%         N/A       100%        6
 Borgnjor's Revivificati  Necr           0%         N/A       100%        8
 Chain Lightning          Conj/Air       0%         N/A       100%        9
 Fire Storm               Conj/Fire      0%         5d1       100%        9
 Polar Vortex             Ice            0%         N/A       100%        9
 Shatter                  Erth           0%         3d5*      100%        9


Dungeon Overview and Level Annotations

Branches:
Dungeon (15/15)            Temple (0/1) D:4            Lair (6/6) D:10
 Shoals (4/4) Lair:3       Spider (4/4) Lair:2        Slime (0/5) Lair:5
    Orc (2/2) D:11            Elf (0/3) Orc:2        Vaults (4/5) D:14
  Crypt (0/3) Vaults:3     Depths (2/4) D:15         Bailey (visited)
 WizLab (visited)

Altars:
Cheibriados
Elyvilon
Kikubaaqudgha
Makhleb
Nemelex Xobeh
Qazlal
Sif Muna
Trog
Uskayaw
Wu Jian
Xom
Yredelemnul
Zin
Jiyva

Shops:
D:2 [   D:11 ([(   D:14 *   Orc:2 *(*=   Shoals:1 [   Shoals:2 (   Shoals:4 !
Vaults:4 ?

Portals:
Hell: Depths:1
Pandemonium: Orc:2 Depths:1
Ziggurat: Depths:1
Trove: D:14 (show abyssal rune of Zot)

Annotations:
Lair:5 1 runed translucent door
Shoals:4 exclusion: oklob plant
Spider:1 1 runed translucent door, freelancePsychic's ghost, adept DjVM
Spider:3 2 transporters, SirDiesAlot's ghost, adept DjCj
Spider:4 2 transporters, swinepaste's ghost, adept DEFE
Vaults:3 3 runed translucent doors, Silenth's ghost, adept DrFE


Innate Abilities, Weirdness & Mutations

You have supernaturally acute eyesight. (SInv)
You occasionally shout uncontrollably at your foes.


Message History

You start resting.
A deep elf elementalist is nearby!
You are too injured to fight recklessly!
You block the deep elf elementalist's attack.
You thrash the deep elf elementalist!!
The deep elf elementalist is severely wounded.
You block the deep elf elementalist's attack.
You thrash the deep elf elementalist!!
You kill the deep elf elementalist!
You see here a +0 short sword.
There is a stone staircase leading up here.
You start resting.
A fire giant is nearby!
A fire giant is nearby!
The fire giant casts a spell at you.
The fireball explodes!
The fireball engulfs you!!
You are too injured to fight recklessly!
The fire giant points at you and mumbles some strange words.
The bolt of fire hits you!!
You see here a +0 short sword.
You thrash the fire giant!!
The fire giant is heavily wounded.
You hit the fire giant.
The fire giant is heavily wounded.
The fire giant gestures at you while chanting.
The fireball explodes!
The fireball engulfs you!!!
The fireball engulfs the fire giant!
The fire giant resists.
You hit the fire giant but do no damage.
The fire giant is severely wounded.
You block the fire giant's attack.
You hit the fire giant.
The fire giant is severely wounded.
The fire giant gestures at you while chanting.
The fireball explodes!
The fireball engulfs you!
* * * LOW HITPOINT WARNING * * *
There is a stone staircase leading up here.
The fire giant gestures at you while chanting.
The fireball explodes!
The fireball engulfs you!!!
You die...
Your body glows with a rainbow of weird colours and disappears.

≈○°[#(..#.#...'.#.#
.°°.......'...#...####
#'#..)#####.e.##.###.##
[.#...'...).......#...#
..#.#.#.........#.....#
..#...'...........#)..#
..#+#+#####...#####...#########
......#...#...#...CD).........#
....≈.#.>.#...#.@.........#.#.#
......#...#.(.#...............#
..##'##...#########...#[#)#...###
..#...........#...#...#...)......
#.).#..†.)..<.#.#.#...#.).......≈
..#...[....[..#...#...#..........
.######.).#####...#########...###
. #..)#...........#.......#
#.........≈....}#.#.#.#.#


You could see a golden dragon shaped shifter and a fire giant.

Vanquished Creatures
  An ancient lich (WizLab)
  Mennas (Vaults:2)
  Mara (Vaults:2)
  Bai Suzhen (Spider:4)
  Arachne (Spider:3)
  Jory (Vaults:3)
  A quicksilver dragon (Shoals:4)
  A deep elf blademaster (Depths:2)
  Mlioglotl (Spider:3)
  4 tentacled starspawn (Abyss:2)
  An ancient champion (WizLab)
  Agnes (Spider:3)
  Polyphemus (Shoals:2)
  Kirke (D:14)
  A tengu reaver (Vaults:3)
  A storm dragon (Vaults:1)
  The ghost of Fotoz the Warrior, an adept GrFi of the Shining One (D:15)
  2 iron dragons (shapeshifter)
  A deep elf sorcerer (Vaults:3)
  4 emperor scorpions
  5 ghost moths
  11 vault wardens
  A ghoul (Vaults:3)
  A juggernaut zombie (Depths:1)
  A cacodemon (Depths:1)
  11 very ugly things
  10 ironbound preservers
  A deep elf elementalist (Depths:2)
  A reaper (Depths:1)
  A vampire knight (Vaults:3)
  6 war gargoyles
  A broodmother (Spider:3)
  3 stone giants (Depths:1)
  A quicksilver ooze (Lair:5)
  5 dire elephants (Vaults:1)
  A deep elf annihilator (Depths:2)
  An entropy weaver (shapeshifter) (Depths:2)
  6 entropy weavers
  5 ironbound thunderhulks
  A deep elf demonologist (Vaults:3)
  A lorocyproca (Depths:2)
  4 spark wasps
  3 ettins
  2 eidola
  2 blizzard demons
  2 crystal guardians
  A merfolk javelineer (Shoals:4)
  2 merfolk impalers
  A fire dragon (D:14)
  7 yaktaur captains
  A rakshasa (Abyss:2)
  2 great orbs of eyes
  4 merfolk avatars
  18 vault guards
  3 ice dragons
  2 demonspawn (Orc:2)
  9 hydras
  4 peacekeepers
  2 salamander tyrants (Depths:2)
  27 centaur warriors
  8 boulder beetles
  3 jorogumos
  5 catoblepae
  Erica (D:9)
  A radroach (Spider:3)
  3 merfolk aquamancers
  2 anacondas
  A spriggan air mage (Depths:2)
  An alligator snapping turtle (Shoals:2)
  An anaconda (shapeshifter) (Depths:2)
  5 two-headed ogres
  7 ironbound frosthearts
  A death knight (D:11)
  16 death yaks
  3 orc high priests (Orc:2)
  3 deep troll earth magi (Depths:2)
  2 satyrs (Shoals:3)
  4 dancing weapons (Depths:2)
  A hell hog (D:15)
  2 thrashing horrors (Abyss:2)
  A soul eater (Orc:2)
  A hell knight (Depths:2)
  A sun moth (Spider:3)
  2 wretched stars (Abyss:2)
  A sun demon (Orc:2)
  3 pharaoh ants (Spider:3)
  6 skeletal warriors (WizLab)
  33 deep trolls
  16 sea snakes
  4 steelbarb worms
  13 orb spiders
  A flayed ghost (D:15)
  17 ironbound convokers
  5 orc knights
  3 glowing orange brains
  A lindwurm (shapeshifter) (Lair:2)
  2 phantasmal warriors
  11 lindwurms
  8 wizards
  15 harpies
  5 necromancers
  2 deep elf pyromancers
  14 wolf spiders
  7 orc sorcerers (Orc:2)
  A frost giant zombie (Depths:1)
  A tengu skeleton (Depths:1)
  11 cyclopes
  17 manticores
  4 oklob plants (Lair:3)
  A fire giant skeleton (Depths:1)
  2 human skeletons
  A human zombie (Vaults:4)
  31 ugly things
  7 fauns
  A moth of wrath (Vaults:1)
  A will-o-the-wisp (Abyss:2)
  6 elephants (Lair:6)
  A stone giant skeleton (Vaults:3)
  A rust devil (Abyss:2)
  10 merfolk sirens
  6 torpor snails
  An orange demon (Abyss:2)
  4 black mambas
  3 apocalypse crabs (Abyss:2)
  10 vault sentinels
  2 guardian serpents
  16 cane toads
  6 water nymphs
  3 smoke demons
  An eye of devastation (Vaults:1)
  2 unseen horrors
  23 yaktaurs
  A yaktaur zombie (Vaults:3)
  5 gargoyles
  An efreet (D:14)
  A kobold demonologist (Depths:1)
  6 komodo dragons
  4 starcursed masses (Abyss:2)
  A spriggan zombie (Depths:1)
  2 ice devils
  A yaktaur skeleton (Vaults:3)
  3 rime drakes
  2 freezing wraiths
  3 tengu conjurers
  3 red devils
  An ancient zyme (Abyss:2)
  4 demonic crawlers
  10 trolls
  A spriggan skeleton (Depths:1)
  23 meliai
  5 polar bears
  6 large abominations (Abyss:2)
  4 wind drakes
  24 blink frogs
  25 merfolk
  8 snapping turtles
  22 tarantellas
  2 wolf spider simulacra (D:15)
  3 saltlings (Vaults:1)
  A raiju (Vaults:1)
  4 hornets (Spider:4)
  33 slime creatures
  An ettin zombie (Abyss:2)
  A stone giant simulacrum (Depths:1)
  9 dream sheep
  24 jumping spiders
  A meliai zombie (D:11)
  7 centaur simulacra
  14 culicivoras
  2 ynoxinuls (Abyss:2)
  4 shadows
  10 flying skulls (Abyss:2)
  4 wraiths
  61 yaks
  6 vampires
  3 wyverns
  7 basilisks
  A fire elemental (D:15)
  2 hogs
  14 water elementals
  Eustachio (D:4)
  2 golden eyes (Lair:2)
  A steam dragon (D:10)
  45 redbacks
  A spriggan simulacrum (Depths:1)
  2 chaos spawn (Abyss:2)
  A warg (Orc:2)
  2 swamp worms
  2 wargs (shapeshifter)
  5 vampire mosquitoes
  2 two-headed ogre zombies (WizLab)
  8 hell hounds
  11 water moccasins
  A black bear (shapeshifter) (D:15)
  36 orc warriors
  A meliai simulacrum (D:13)
  3 sky beasts
  9 wolves
  An ogre (shapeshifter) (D:12)
  3 black bears
  5 centaurs
  4 ogres
  A boggart (Vaults:2)
  A tengu (D:12)
  A kobold brigand (D:10)
  2 gnoll sergeants
  A scorpion (D:6)
  6 bullfrogs
  A human simulacrum (Vaults:4)
  A wyvern skeleton (D:6)
  6 troll zombies (WizLab)
  A water moccasin skeleton (D:5)
  5 small abominations (Abyss:2)
  6 killer bees
  A vampire bat (D:3)
  7 wights (WizLab)
  7 electric eels
  3 howler monkeys
  3 centaur zombies
  8 hounds
  2 gnoll shamans
  2 jellies
  23 orc priests
  2 centaur skeletons
  An iron imp (Abyss:2)
  2 iguanas
  15 orc wizards
  4 hell rats (Lair:4)
  4 ogre zombies (WizLab)
  2 howler monkey zombies (D:9)
  Robin (D:3)
  7 adders
  19 gnolls
  2 white imps (Abyss:2)
  3 ufetubi
  An adder zombie (D:5)
  A worm (D:4)
  3 dart slugs
  62 orcs
  6 ball pythons
  10 endoplasms
  4 giant cockroaches
  21 goblins
  13 hobgoblins
  2 jackals (D:2)
  14 kobolds
  A quokka (D:2)
  11 bats
  2 frilled lizards
  10 rats
  A lurking horror (Abyss:2)
  4 starspawn tentacles (Abyss:2)
1454 creatures vanquished.

Vanquished Creatures (collateral kills)
  Xtahua (Vaults:2)
  A caustic shrike (Depths:2)
  A ghost moth (Spider:4)
  A war gargoyle (Depths:2)
  A quicksilver ooze (Lair:6)
  An entropy weaver (Spider:3)
  A deep elf annihilator (Vaults:1)
  A spark wasp (Spider:4)
  A crystal guardian (Depths:2)
  A merfolk javelineer (Shoals:4)
  3 merfolk impalers
  A great orb of eyes (Shoals:4)
  2 jorogumos
  2 merfolk avatars (Shoals:4)
  2 ice dragons
  A centaur warrior (Shoals:1)
  A death knight (D:13)
  A two-headed ogre (Orc:2)
  A merfolk aquamancer (Shoals:2)
  A dancing weapon (Depths:2)
  A deep troll earth mage (Depths:2)
  2 death yaks (Lair:6)
  Sonja (Lair:6)
  A pharaoh ant (Spider:2)
  A sea snake (Shoals:1)
  A deep troll (Vaults:2)
  2 lindwurms (Vaults:2)
  4 harpies
  3 wolf spiders (Spider:3)
  2 orc knights (Bailey)
  5 ugly things (D:15)
  An orc sorcerer (Orc:2)
  A faun (Shoals:1)
  3 manticores
  2 black mambas (Lair:6)
  A cane toad (Spider:3)
  A rime drake (D:15)
  3 demonic crawlers (Spider:3)
  A komodo dragon (Lair:6)
  A freezing wraith (D:13)
  5 tarantellas
  4 merfolk
  Prince Ribbit (D:7)
  A blink frog (Lair:4)
  A snapping turtle (Shoals:4)
  3 culicivoras
  A jumping spider (Spider:2)
  3 yaks (Lair:6)
  3 water elementals
  A wraith (D:13)
  A basilisk (Lair:6)
  6 redbacks (Spider:3)
  3 orc warriors (Bailey)
  A bullfrog (D:7)
  4 killer bees (D:7)
  Crazy Yiuf (D:2)
  3 gnolls
  2 orcs (Bailey)
106 creatures vanquished.

Vanquished Creatures (others)
  A rakshasa (Abyss:2)
  An orb spider (Spider:4)
  2 ugly things (Vaults:4)
  2 humans (D:14)
  A block of ice (Shoals:1)
  4 foxfires (Abyss:2)
  22 fungi
  175 plants
  11 starspawn tentacles (Abyss:2)
219 creatures vanquished.

Grand Total: 1779 creatures vanquished

Notes
Turn   | Place    | Note
-------+----------+-------------------------------------------
     0 | D:1      | freelancePsychic the Hill Orc Monk began the quest for the
                  | Orb.
     0 | D:1      | Reached XP level 1. HP: 19/19 MP: 1/1
   516 | D:1      | Reached XP level 2. HP: 27/27 MP: 2/2
   799 | D:1      | Reached skill level 5 in Axes
  1111 | D:1      | Reached XP level 3. HP: 33/33 MP: 3/3
  1662 | D:2      | Found Dewn's Armour Shoppe.
  1678 | D:2      | Reached XP level 4. HP: 40/40 MP: 4/4
  1767 | D:2      | Found a faded altar of an unknown god.
  1779 | D:2      | Prayed at the altar of an unknown god.
  1779 | D:2      | Became a worshipper of Nemelex Xobeh the Trickster
  1779 | D:2      | Reached * piety under Nemelex Xobeh
  1779 | D:2      | Received a gift from Nemelex Xobeh
  1779 | D:2      | Received a gift from Nemelex Xobeh
  1779 | D:2      | Reached ** piety under Nemelex Xobeh
  1779 | D:2      | Received a gift from Nemelex Xobeh
  2267 | D:2      | Found a runed translucent door.
  2268 | D:2      | Noticed Crazy Yiuf
  2278 | D:2      | Killed Crazy Yiuf
  2279 | D:2      | Reached skill level 1 in Invocations
  2279 | D:2      | Reached XP level 5. HP: 47/47 MP: 4/6
  2413 | D:3      | Noticed Robin
  2489 | D:3      | Killed Robin
  2680 | D:3      | Received a gift from Nemelex Xobeh
  2908 | D:3      | Reached *** piety under Nemelex Xobeh
  2916 | D:3      | Reached skill level 1 in Maces & Flails
  3021 | D:3      | Reached skill level 2 in Invocations
  3031 | D:3      | Reached skill level 5 in Fighting
  3090 | D:3      | Reached XP level 6. HP: 46/56 MP: 7/7
  3209 | D:4      | Noticed Eustachio
  3212 | D:4      | Killed Eustachio
  3213 | D:4      | Reached skill level 3 in Invocations
  3736 | D:4      | Reached XP level 7. HP: 39/61 MP: 9/9
  4277 | D:4      | Found a staircase to the Ecumenical Temple.
  4319 | D:5      | Entered Level 5 of the Dungeon
  4408 | D:5      | Reached skill level 4 in Invocations
  4846 | D:5      | Noticed a two-headed ogre
  4849 | D:5      | Killed a two-headed ogre
  4850 | D:5      | Reached skill level 5 in Invocations
  4850 | D:5      | Reached XP level 8. HP: 71/71 MP: 10/12
  5129 | D:6      | Received a gift from Nemelex Xobeh
  5571 | D:6      | Reached **** piety under Nemelex Xobeh
  5612 | D:6      | Found an ancient bone altar of Kikubaaqudgha.
  5634 | D:6      | Received a gift from Nemelex Xobeh
  5700 | D:6      | Reached skill level 6 in Invocations
  5754 | D:6      | Reached XP level 9. HP: 77/79 MP: 13/13
  5974 | D:6      | Reached skill level 5 in Maces & Flails
  6480 | D:6      | Reached skill level 7 in Invocations
  6990 | D:7      | Reached skill level 5 in Shields
  6990 | D:7      | Received a gift from Nemelex Xobeh
  7241 | D:7      | Noticed Prince Ribbit
  7245 | D:7      | Killed Prince Ribbit
  7246 | D:7      | Reached XP level 10. HP: 89/90 MP: 15/15
  7332 | D:7      | Found a basalt altar of Yredelemnul.
  7370 | D:7      | Reached skill level 8 in Invocations
  7763 | D:8      | Identified the +6 war axe "Cor Fyst" {flame, rF+++ rC-
                  | Int+3 Dex+3}
  8299 | D:8      | Received a gift from Nemelex Xobeh
  8345 | D:8      | Reached skill level 1 in Armour
  8591 | D:8      | Received a gift from Nemelex Xobeh
  8760 | D:8      | Found a shimmering altar of Xom.
  9018 | D:9      | Found a flagged portal.
  9031 | Bailey   | Entered a bailey
  9324 | Bailey   | Noticed an orc knight
  9341 | Bailey   | Killed an orc knight
  9341 | Bailey   | Noticed an orc knight
  9342 | Bailey   | Reached skill level 9 in Invocations
  9342 | Bailey   | Killed an orc knight
  9705 | D:9      | Reached ***** piety under Nemelex Xobeh
  9826 | D:9      | Received a gift from Nemelex Xobeh
  9833 | D:9      | Found a bloodstained altar of Trog.
  9833 | D:9      | Found a glowing silver altar of Zin.
  9833 | D:9      | Found a burning altar of Makhleb.
  9833 | D:9      | Found a shimmering blue altar of Sif Muna.
  9897 | D:9      | Found a sparkling altar of Nemelex Xobeh.
  9897 | D:9      | Found a snail-covered altar of Cheibriados.
  9931 | D:9      | Found a stormy altar of Qazlal.
  9979 | D:9      | Reached XP level 11. HP: 98/99 MP: 18/18
 10234 | D:9      | Noticed Erica
 10241 | D:9      | Killed Erica
 10242 | D:9      | Reached skill level 10 in Fighting
 10242 | D:9      | Reached skill level 10 in Maces & Flails
 10604 | D:10     | Entered Level 10 of the Dungeon
 10799 | D:10     | Received a gift from Nemelex Xobeh
 11063 | D:10     | Reached skill level 10 in Invocations
 11064 | D:10     | Found a staircase to the Lair.
 11599 | D:10     | Noticed a two-headed ogre
 11605 | D:10     | a two-headed ogre changed into a snapping turtle
 11650 | D:10     | Reached skill level 5 in Armour
 11845 | D:10     | Received a gift from Nemelex Xobeh
 11964 | Lair:1   | Entered Level 1 of the Lair of Beasts
 12682 | Lair:1   | Received a gift from Nemelex Xobeh
 13271 | Lair:2   | Reached XP level 12. HP: 106/110 MP: 20/20
 13317 | Lair:2   | Reached skill level 11 in Invocations
 13677 | Lair:2   | Found a hole to the Spider Nest.
 13785 | Lair:2   | You fall into a shaft and drop 2 floors!
 13785 | Lair:4   | Received a gift from Nemelex Xobeh
 14424 | Lair:3   | Found a staircase to the Shoals.
 15108 | Lair:2   | Reached skill level 12 in Invocations
 15788 | Lair:3   | Reached XP level 13. HP: 102/118 MP: 22/22
 16190 | Lair:4   | Received a gift from Nemelex Xobeh
 16618 | Lair:5   | Found a runed translucent door.
 16618 | Lair:5   | Found a viscous altar of Jiyva.
 16619 | Lair:5   | Found a staircase to the Slime Pits.
 16659 | Lair:5   | Received a gift from Nemelex Xobeh
 16691 | Lair:5   | Reached skill level 13 in Invocations
 16718 | Lair:5   | Noticed a quicksilver ooze
 16718 | Lair:5   | a death yak changed into a quicksilver ooze
 16721 | Lair:5   | Killed a quicksilver ooze
 16871 | Lair:5   | Received a gift from Nemelex Xobeh
 16990 | Lair:5   | Reached skill level 15 in Maces & Flails
 17388 | Lair:6   | Entered Level 6 of the Lair of Beasts
 17453 | Lair:6   | Reached skill level 14 in Invocations
 17466 | Lair:6   | Noticed Sonja
 17468 | Lair:6   | Killed Sonja
 17469 | Lair:6   | Reached XP level 14. HP: 94/132 MP: 24/24
 17872 | Lair:6   | Reached ****** piety under Nemelex Xobeh
 17872 | Lair:6   | Received a gift from Nemelex Xobeh
 18307 | Lair:6   | Reached skill level 15 in Invocations
 18502 | Lair:6   | Noticed a quicksilver ooze
 18502 | Lair:6   | a death yak changed into a quicksilver ooze
 18502 | Lair:6   | Killed a quicksilver ooze
 18853 | Lair:6   | Identified the +7 hunting sling of Okawaru's Esteem {venom,
                  | rPois Dex+3}
 19050 | Lair:6   | Received a gift from Nemelex Xobeh
 19084 | Lair:6   | Reached skill level 15 in Fighting
 19629 | D:11     | Received a gift from Nemelex Xobeh
 19677 | D:11     | Found Ufephiju's Weapon Emporium.
 19692 | D:11     | Reached skill level 5 in Dodging
 19862 | D:11     | Found a white marble altar of Elyvilon.
 19878 | D:11     | Found Fiunluoski's Armour Emporium.
 19880 | D:11     | Found a staircase to the Orcish Mines.
 19893 | D:11     | Found Okkafink's Weapon Emporium.
 19941 | D:11     | Bought a +1 pair of boots of stealth for 264 gold pieces
 20072 | D:11     | Noticed Snorg
 20078 | D:11     | Noticed Snorg
 20078 | D:11     | Snorg changed into Snorg the komodo dragon
 20079 | D:11     | Killed Snorg the komodo dragon
 20641 | D:12     | Reached skill level 10 in Armour
 20641 | D:12     | Reached XP level 15. HP: 130/141 MP: 26/26
 20883 | D:12     | Received a gift from Nemelex Xobeh
 20997 | D:12     | Reached skill level 16 in Invocations
 21728 | D:12     | Found a runed translucent door.
 21730 | D:12     | Found a runed translucent door.
 22054 | D:12     | Received a gift from Nemelex Xobeh
 22628 | D:12     | Identified the +5 flail of Mourning {venom, Fragile rC+++
                  | MP+9 Stlth-}
 22630 | D:12     | Got the Compendium of Enthralling Unholy Magic
 22631 | D:12     | Identified the +7 scimitar of Strategic Superiority {elec,
                  | Str+3 Dex+3 SInv}
 23487 | D:13     | Received a gift from Nemelex Xobeh
 24380 | D:14     | Found Veunimn's CLEARANCE SALE!.
 24385 | D:14     | Bought a +0 broad axe for 12 gold pieces
 24408 | D:14     | Reached skill level 17 in Invocations
 24514 | D:14     | Found a glowing silver altar of Zin.
 24579 | D:14     | Received a gift from Nemelex Xobeh
 24846 | D:14     | You fall into a shaft and drop 1 floor!
 24846 | D:15     | Entered Level 15 of the Dungeon
 24873 | D:15     | Noticed Azrael
 24874 | D:15     | Noticed Azrael
 24874 | D:15     | Azrael changed into Azrael the hell hog
 24877 | D:15     | Killed Azrael the hell hog
 25208 | D:15     | Found a runed translucent gate.
 25209 | D:15     | Found a runed translucent gate.
 25210 | D:15     | Found a runed translucent gate.
 25235 | D:15     | Noticed Fotoz's ghost (adept GrFi)
 25331 | D:15     | Reached XP level 16. HP: 97/152 MP: 28/28
 25799 | D:15     | Killed Fotoz's ghost
 25841 | D:15     | Got the ring of the Hero {Fire Will+ Int+9 Dex-3}
 25843 | D:15     | Identified the ring "Siokuac" {rC+ rCorr Str+4}
 26019 | D:15     | Received a gift from Nemelex Xobeh
 26104 | D:15     | Found a hide-covered altar of Uskayaw.
 26575 | D:15     | Found a staircase to the Depths.
 26924 | Orc:1    | Entered Level 1 of the Orcish Mines
 27011 | Orc:2    | Entered Level 2 of the Orcish Mines
 27318 | Orc:2    | Found a staircase to the Elven Halls.
 27418 | Orc:2    | Received a gift from Nemelex Xobeh
 27477 | Orc:2    | Found Qechuig's General Store.
 27506 | Orc:2    | Found Duytiet's General Store.
 27557 | Orc:2    | Bought a scroll of holy word for 120 gold pieces
 27562 | Orc:2    | Bought a potion of heal wounds for 65 gold pieces
 27772 | Orc:2    | Reached skill level 18 in Invocations
 27782 | Orc:2    | Paralysed by an orc sorcerer for 3 turns
 28248 | Orc:2    | Paralysed by an orc sorcerer for 4 turns
 28281 | Orc:2    | Found Juzxaroxt's Jewellery Shoppe.
 28281 | Orc:2    | Found Qenimy's Antique Weapon Emporium.
 28299 | Orc:2    | Found a one-way gate leading to the halls of Pandemonium.
 28305 | Orc:2    | Bought the amulet "Veumoj" {Reflect Contam Rampage Str+8
                  | SH+5 Stlth+} for 816 gold pieces
 28701 | Spider:1 | Entered Level 1 of the Spider Nest
 29092 | Shoals:1 | Entered Level 1 of the Shoals
 29221 | Shoals:1 | Received a gift from Nemelex Xobeh
 29232 | Shoals:1 | Found Doeza Rue's Armour Shoppe.
 30267 | Shoals:1 | Received a gift from Nemelex Xobeh
 30792 | Shoals:2 | Reached XP level 17. HP: 135/163 MP: 30/30
 31269 | Shoals:2 | Found Goaf's Weapon Shop.
 31294 | Shoals:2 | Reached skill level 19 in Invocations
 32069 | Shoals:2 | Noticed Polyphemus
 32078 | Shoals:2 | Killed Polyphemus
 32205 | Shoals:2 | Received a gift from Nemelex Xobeh
 32658 | Shoals:2 | Identified a scroll of acquirement
 32659 | Shoals:2 | Acquired a +2 eveningstar of draining
 34074 | Spider:1 | Identified the +0 chain mail of Tempters {Will+ Str+3}
 34488 | Spider:1 | Found a runed translucent door.
 34488 | Spider:1 | Noticed freelancePsychic's ghost (adept DjVM)
 34831 | Spider:2 | Reached skill level 10 in Shields
 35435 | Spider:2 | Received a gift from Nemelex Xobeh
 36566 | Spider:3 | Noticed Mlioglotl
 36573 | Spider:3 | Killed Mlioglotl
 36913 | Spider:3 | Received a gift from Nemelex Xobeh
 37372 | Spider:3 | Noticed Agnes
 37418 | Spider:3 | Reached XP level 18. HP: 122/176 MP: 7/31
 37420 | Spider:3 | Killed Agnes
 37800 | Spider:3 | Found a transporter.
 37806 | Spider:3 | Noticed Arachne
 37820 | Spider:3 | Killed Arachne
 37865 | Spider:3 | Noticed SirDiesAlot's ghost (adept DjCj)
 37913 | Spider:3 | Found a transporter.
 38112 | Spider:3 | Reached XP level 19. HP: 184/184 MP: 32/32
 38130 | Spider:4 | Entered Level 4 of the Spider Nest
 38992 | Spider:4 | Noticed Bai Suzhen
 39952 | Spider:2 | Reached skill level 15 in Armour
 41301 | Spider:4 | Noticed swinepaste's ghost (adept DEFE)
 41307 | Spider:4 | Found a transporter.
 41330 | Spider:4 | Found a transporter.
 41365 | Spider:4 | Received a gift from Nemelex Xobeh
 41645 | Spider:4 | Killed Bai Suzhen
 42788 | Spider:4 | Got a gossamer rune of Zot
 43038 | Shoals:3 | Received a gift from Nemelex Xobeh
 44166 | Shoals:3 | Found an ornate altar of the Wu Jian Council.
 44484 | Shoals:4 | Entered Level 4 of the Shoals
 44484 | Shoals:4 | Received a gift from Nemelex Xobeh
 45110 | Shoals:4 | Reached XP level 20. HP: 192/193 MP: 33/33
 45125 | Shoals:4 | Received a gift from Nemelex Xobeh
 45575 | Shoals:4 | Identified the +1 helmet "Guaware" {+Blink rElec}
 45688 | Shoals:4 | Found Xiso's Distillery.
 45695 | Shoals:4 | Noticed Ilsuiw
 45700 | Shoals:4 | Noticed Ilsuiw
 45700 | Shoals:4 | Ilsuiw changed into Ilsuiw the quicksilver dragon
 45712 | Shoals:4 | Killed Ilsuiw the quicksilver dragon
 45720 | Shoals:4 | Bought 2 potions of heal wounds for 120 gold pieces
 45720 | Shoals:4 | Bought a potion of heal wounds for 60 gold pieces
 46070 | Shoals:4 | Bought a potion of haste for 120 gold pieces
 46070 | Shoals:4 | Bought a potion of invisibility for 96 gold pieces
 46070 | Shoals:4 | Bought a potion of might for 48 gold pieces
 46175 | Shoals:4 | Got a barnacled rune of Zot
 46389 | Shoals:4 | Received a gift from Nemelex Xobeh
 46531 | Shoals:4 | Identified the +10 fustibalus of Untimely Demise {flame,
                  | rC+}
 47080 | D:14     | Noticed Kirke
 47092 | D:14     | Killed Kirke
 47154 | D:14     | Found a portal to a secret trove of treasure.
 47258 | D:14     | Found a gate to the Vaults.
 47379 | D:14     | Received a gift from Nemelex Xobeh
 47724 | D:14     | Acquired the +0 pair of boots of Ceg Vywe {rPois Regen+}
 47801 | Vaults:1 | Entered Level 1 of the Vaults
 48197 | Vaults:1 | Reached skill level 15 in Shields
 48373 | Vaults:1 | Reached skill level 20 in Invocations
 48572 | Vaults:1 | Received a gift from Nemelex Xobeh
 49298 | Vaults:1 | Received a gift from Nemelex Xobeh
 49405 | Vaults:1 | Reached skill level 10 in Dodging
 49998 | Vaults:2 | Noticed Xtahua
 50015 | Vaults:2 | Killed Xtahua
 50025 | Vaults:2 | Noticed Mara
 50161 | Vaults:2 | Reached skill level 21 in Invocations
 50227 | Vaults:2 | Noticed freelancePsychic's illusion
 50235 | Vaults:2 | Killed Mara
 50236 | Vaults:2 | Reached XP level 21. HP: 179/201 MP: 29/35
 50311 | Vaults:2 | Received a gift from Nemelex Xobeh
 50637 | Vaults:2 | Noticed Mennas
 50682 | Vaults:2 | Killed Mennas
 51334 | Vaults:2 | Received a gift from Nemelex Xobeh
 51364 | Vaults:2 | Reached skill level 22 in Invocations
 51763 | Vaults:3 | Found a runed translucent gate.
 51763 | Vaults:3 | Found a runed translucent gate.
 51763 | Vaults:3 | Found a runed translucent gate.
 51764 | Vaults:3 | Noticed Silenth's ghost (adept DrFE)
 51767 | Vaults:3 | Noticed Jory
 51779 | Vaults:3 | Killed Jory
 52118 | Vaults:3 | Found a staircase to the Crypt.
 52394 | Vaults:3 | Received a gift from Nemelex Xobeh
 52731 | Vaults:3 | Reached skill level 23 in Invocations
 53195 | Vaults:4 | Received a gift from Nemelex Xobeh
 53204 | Vaults:4 | Found a magical portal.
 53209 | WizLab   | Entered Zonguldrok's Shrine
 53394 | WizLab   | Reached XP level 22. HP: 209/209 MP: 37/37
 53408 | WizLab   | Noticed an antique lich
 53425 | WizLab   | Killed an antique lich
 53481 | WizLab   | Found the +9 sword of Zonguldrok {reap}
 53900 | Vaults:4 | Received a gift from Nemelex Xobeh
 54220 | Vaults:4 | Reached skill level 24 in Invocations
 54509 | Vaults:4 | Found Ilucia's Magic Scroll Boutique.
 54826 | Vaults:4 | Cast into level 2 of the Abyss (a wizard)
 55598 | Vaults:4 | Escaped the Abyss
 55721 | Vaults:4 | Received a gift from Nemelex Xobeh
 56291 | Depths:1 | Entered Level 1 of the Depths
 56314 | Depths:1 | Received a gift from Nemelex Xobeh
 56314 | Depths:1 | Found the +9 heavy crossbow "Sniper" {vorpal, Acc+∞ SInv}
 56329 | Depths:1 | Gained mutation: You have hidden genetic defects. [a
                  | cacodemon]
 56336 | Depths:1 | Lost mutation: You have hidden genetic defects. [potion of
                  | mutation]
 56336 | Depths:1 | Gained mutation: You occasionally shout uncontrollably at
                  | your foes. [potion of mutation]
 56336 | Depths:1 | Gained mutation: You have supernaturally acute eyesight.
                  | (SInv) [potion of mutation]
 56532 | Depths:1 | Found a one-way gateway to a ziggurat.
 56574 | Depths:1 | Found a gateway to Hell.
 57360 | Depths:2 | Reached skill level 25 in Invocations
 57718 | Depths:2 | Received a gift from Nemelex Xobeh
 57731 | Depths:2 | Noticed a caustic shrike
 57731 | Depths:2 | an iron dragon changed into a caustic shrike
 57747 | Depths:2 | Killed a caustic shrike
 57948 | Depths:2 | Identified the +1 scimitar "Beetlebane" {freeze, rPois}
 58187 | Depths:2 | Noticed a golden dragon
 58187 | Depths:2 | an iron dragon changed into a golden dragon
 58234 | Depths:2 | Killed from afar by a fire giant

Illustrated notes

Levels and vault maps discovered:
D:1:      tarquinn_simple_flora_water_d, layout_rooms
D:2:      layout_rooms, serial_shops, shop,
          shapermc_ecumenical_altar_notcrosses, kennysheep_generic_room_14,
          uniq_crazy_yiuf_cottage
D:3:      layout_basic, roderic_batcave, uniq_robin
D:4:      minmay_polygon_palace, layout_basic, minmay_temple_entry_junction,
          uniq_eustachio
D:5:      layout_basic, chequers_serial_rivers_micro_e
D:6:      layout_loops_ring, lemuel_doored_altar, nicolae_grassy_gnolls
D:7:      layout_cave_pods, kennysheep_mini, serial_column_ruins,
          column_ruins_hut, column_ruins_hut, column_ruins_grid_1,
          column_ruins_open_tiny, column_ruins_columns_dead_end,
          column_ruins_open_small, column_ruins_corridor_straight,
          uniq_prince_ribbit1
D:8:      layout_gridville, tgw_xom
D:9:      layout_roguey, minmay_overflow_temple_hex,
          nicolae_qazlal_style_of_elements, enter_bailey_7, uniq_erica
D:10:     layout_small_grid, erik_lair_island
D:11:     layout_cave_pods, orc_david_3, serial_shops, shop, elyvilon_altar_1,
          uniq_snorg
D:12:     minmay_the_grid_triangle_9x9_recursive_3
          [minmay_the_grid_triangle_9x9_descending_squares,
          minmay_the_grid_triangle_9x9_minimal,
          minmay_the_grid_triangle_9x9_tough_junction,
          minmay_the_grid_triangle_9x9_prize_insulated,
          minmay_the_grid_triangle_9x9_stretched_checkered,
          minmay_the_grid_triangle_9x9_dagger,
          minmay_the_grid_triangle_9x9_longest,
          minmay_the_grid_triangle_9x9_corrupted_corridor,
          minmay_the_grid_triangle_9x9_zippers_vertical], layout_stronghold,
          minmay_lindwurm_lava
D:13:     kennysheep_room_grid, layout_irregular_city,
          kennysheep_opposing_triangles
D:14:     layout_loops_ring, erik_vaults_2, lemuel_crystal_altar,
          nicolae_trove_entry_isolated, nicolae_shop_clearance, uniq_kirke
D:15:     gammafunk_enter_depths_forms, layout_long_grid,
          nicolae_uskayaw_dance_hall, gammafunk_ghost_icy, uniq_azrael
Lair:1:   layout_chaotic_city, grunt_megastairs_2, infiniplex_staircase_pool_2
Lair:2:   layout_cave_pods, nicolae_spider_entry_tight_spaces
Lair:3:   minmay_lair_oklob_tunnel, layout_loops_ring, shoals_dummy_entry,
          infiniplex_staircase_pool
Lair:4:   layout_hall_layers, lemuel_fruit_tree
Lair:5:   layout_regular_city, slime_altar_2, beast_lair_carwin_9
Lair:6:   evilmike_catoblepas_cave, layout_misc_corridors, serial_rivers,
          chequers_serial_rivers_micro_d, chequers_serial_rivers_micro_e,
          chequers_serial_rivers_large_b, chequers_serial_rivers_micro_c,
          chequers_serial_rivers_micro_a, chequers_serial_rivers_small_3,
          uniq_sonja
Shoals:1: layout_shoals, nicolae_shoals_c_island
Shoals:2: layout_shoals, serial_shops, shop, uniq_polyphemus
Shoals:3: layout_shoals, lemuel_altar_in_water
Shoals:4: shoals_end_hangedman, layout_shoals, shoal_ilsuiw, serial_shops, shop,
          nicolae_shoals_this_corrosion
Spider:1: layout_spider_delve, gammafunk_ghost_grave
Spider:2: layout_spider_delve
Spider:3: nicolae_spider_hilbert_zone_5 [nicolae_spider_hilbert_3_sides_1_open,
          nicolae_spider_hilbert_4_sides_1_open,
          nicolae_spider_hilbert_4_sides_1_open,
          nicolae_spider_hilbert_6_sides_1_open,
          nicolae_spider_hilbert_6_sides_1_open],
          gammafunk_ghost_berserking_beasts, nicolae_spider_not_touching_you,
          uniq_arachne, uniq_agnes, uniq_mlioglotl
Spider:4: spider_rune_water, nzn_ghost_randoct, uniq_bai_suzhen
Orc:1:    layout_diamond_mine, bh_open_orc_temple, uniq_urug
Orc:2:    pf_orc_diabolical, layout_diamond_mine
Vaults:1: portal_desolation_entry_salt, hangedman_vaults_locks,
          grunt_vaults_twisty, vaults_room_door_ring,
          nicolae_vaults_specimen_jars, v_misc_17, v_misc_29,
          nicolae_vaults_mini_display_case, ontoclasm_vaults_twist,
          nicolae_vaults_diagonal_hallway_7, layout_vaults_omnigrid
Vaults:2: v_pattern_1, v_misc_31, v_misc_25, vaults_room_stairs_pillars,
          hangedman_vaults_river_flow, nicolae_vaults_yaktaur_gun_rack,
          vaults_standard_mumra_x, hangedman_vaults_unwind,
          nicolae_vaults_shelves_hall, nicolae_vaults_display_case,
          vaults_dpeg_diagonal, layout_vaults_ring, uniq_mennas, uniq_xtahua,
          uniq_mara
Vaults:3: gammafunk_ghost_spectres, v_alt_pattern_1, hangedman_vaults_corner,
          vaults_room_semicircle, v_misc_23, v_misc_19, v_misc_1, v_misc_11,
          hangedman_vaults_nails, nicolae_vaults_three_branches,
          minmay_crypt_entry_simple_plaza, v_misc_11,
          ontoclasm_vaults_decontamination, ontoclasm_vaults_fault,
          ontoclasm_vaults_pinch, nicolae_vaults_theta,
          vaults_room_guarded_vault, v_misc_8, layout_vaults_omnibox, uniq_jory
Vaults:4: infiniplex_enter_wizlab_spiral, ontoclasm_vaults_ring_small,
          nicolae_vaults_little_squares_1, vaults_standard_mumra_lines,
          v_pattern_5, nicolae_vaults_little_squares_6, v_misc_18,
          vaults_mumra_lcd, vaults_mumra_chevron, v_misc_22, v_misc_5,
          nicolae_vaults_circle_grid_a, vaults_standard_mumra_enter_the_diamond,
          layout_vaults_big_room, serial_shops, shop_fountains
Depths:1: layout_gridville, enter_ziggurat_f, hangedman_coc_ice_floe,
          chequers_serial_rivers_micro_c, pan_entry, nrook_kobold_shadow_demons
Depths:2: hangedman_crystal_crosses_colossus [crystal_crosses_arms_four,
          crystal_crosses_arms_four, crystal_crosses_arms_one,
          crystal_crosses_arms_one], pan_entry, serial_shops, hell_entry

Skill      XL: |  1  2  3  4  5  6  7  8  9 10 11 12 13 14 15 16 17 18 19 20 21 22 |
---------------+-------------------------------------------------------------------+-----
Fighting       | 4 5 6 7 8 9 11 12 14 15 16 17 19 20 | 20.0
Axes           | 5 6 8 |  8.8
Invocations    | 1 2 3 5 6 7 9 10 12 14 15 17 18 19 21 23 25 | 25.5
Maces & Flails | 2 3 4 7 9 11 13 15 | 15.3
Shields        | 2 3 5 8 10 11 14 15 17 19 | 19.7
Armour         | 3 6 7 10 11 12 14 16 17 | 17.9
Dodging        | 5 7 8 10 | 10.1
Stealth        | |  1.5

Action                   |  1- 3 |  4- 6 |  7- 9 | 10-12 | 13-15 | 16-18 | 19-21 | 22-24 || total
-------------------------+-------+-------+-------+-------+-------+-------+-------+-------++-------
Melee: Hand axe          |   100 |    47 |       |       |       |       |       |       ||   147
       Punch             |     2 |     3 |     1 |       |       |       |       |       ||     6
       Mace              |       |   149 |   128 |       |       |       |       |       ||   277
       Morningstar       |       |       |    13 |   379 |   551 |   509 |   860 |    51 ||  2363
       Eveningstar       |       |       |       |       |       |   329 |   265 |       ||   594
       Sacred scourge    |       |       |       |       |       |       |   424 |  1050 ||  1474
Throw: Throwing net      |       |       |       |       |       |     6 |     1 |     1 ||     8
Invok: Draw Summoning    |       |     1 |     2 |     2 |    11 |    20 |    11 |     2 ||    49
       Draw Destruction  |       |     5 |    14 |    33 |    43 |    33 |    27 |    29 ||   184
       Draw Escape       |       |       |     1 |       |     1 |     6 |     3 |       ||    11
       Stack Five        |       |       |       |     1 |       |       |       |       ||     1
       Deal Four         |       |       |       |     1 |     1 |     3 |     4 |       ||     9
       Draw Stack        |       |       |       |       |     1 |     1 |       |       ||     2
Evoke: Wand              |       |       |       |     2 |     1 |     1 |       |       ||     4
  Use: Scroll            |     3 |       |     8 |    14 |     2 |    11 |    16 |     4 ||    58
       Potion            |       |       |       |     3 |     2 |     8 |     7 |     2 ||    22
 Stab: Sleeping          |       |       |     1 |       |       |       |       |       ||     1
       Distracted        |       |       |       |     3 |    15 |     8 |    25 |     1 ||    52
       Petrified         |       |       |       |       |     3 |     4 |       |       ||     7
       Petrifying        |       |       |       |       |       |     1 |       |       ||     1
       Invisible         |       |       |       |       |       |       |    17 |       ||    17
       Held in net/web   |       |       |       |       |       |       |     2 |       ||     2
Armor: Robe              |    10 |       |       |       |       |       |       |       ||    10
       Ring mail         |    12 |    96 |    53 |    13 |       |       |       |       ||   174
       Plate armour      |       |       |       |   190 |   245 |   383 |   569 |   179 ||  1566
Dodge: Dodged            |    75 |   127 |    96 |   127 |   198 |   298 |   414 |   202 ||  1537
Block: Buckler           |       |       |    21 |    67 |    86 |    10 |       |       ||   184
       Kite shield       |       |       |       |       |       |   577 |   844 |       ||  1421
       Reflection        |       |       |       |       |       |    17 |    94 |    27 ||   138
       Tower shield      |       |       |       |       |       |       |   597 |  1170 ||  1767

Table legend: (Time is in decaauts)
 A = Elapsed time spent in this place.
 B = Non-inter-level travel time spent in this place.
 C = Inter-level travel time spent in this place.
 D = Time resting spent in this place.
 E = Time spent auto-exploring this place.
 F = Levels seen in this place.
 G = Mean time per level.
                   A        B        C        D        E       F      G
               +--------+--------+--------+--------+--------+-----+--------+
         Total |  57853 |  54345 |   3508 |   7782 |  37129 |  40 | 1446.3 |
       Dungeon |  19973 |  18539 |   1434 |   1204 |  14450 |  15 | 1331.5 |
          Lair |   9022 |   8314 |    708 |    788 |   6513 |   6 | 1503.7 |
        Shoals |   8008 |   7517 |    491 |   1277 |   5097 |   4 | 2002.0 |
   Spider Nest |   9158 |   8848 |    310 |   3964 |   3580 |   4 | 2289.5 |
  Orcish Mines |   1771 |   1632 |    139 |      0 |   1277 |   2 |  885.5 |
        Vaults |   6563 |   6194 |    369 |    335 |   4261 |   4 | 1640.8 |
        Depths |   1817 |   1762 |     55 |    207 |   1095 |   2 |  908.5 |
         Abyss |    666 |    666 |      0 |      4 |    339 |   1 |  666.0 |
        Bailey |    593 |    593 |      0 |      0 |    454 |   1 |  593.0 |
        Wizlab |    278 |    278 |      0 |      2 |     60 |   1 |  278.0 |
               +--------+--------+--------+--------+--------+-----+--------+

Top non-repeatable levels by time:
Spider:3: 4668 daAuts
Shoals:1: 2829 daAuts
  Lair:2: 2482 daAuts
    D:12: 2169 daAuts
Shoals:4: 2097 daAuts
  Lair:6: 2089 daAuts
    D:15: 1995 daAuts
Shoals:3: 1928 daAuts
Spider:4: 1904 daAuts
Vaults:2: 1832 daAuts
Vaults:4: 1732 daAuts
    D:13: 1682 daAuts
   Orc:2: 1673 daAuts
Vaults:1: 1625 daAuts
  Lair:3: 1623 daAuts
